Sabres vs Predators
(R1)
Created - 11 mars 2015 at 23:22
Goals
|
| Sabres |
2 |
1 |
1 |
4 |
| Predators |
0 |
0 |
0 |
0 |
|
Shots
|
| Sabres |
15 |
6 |
11 |
32 |
| Predators |
8 |
8 |
3 |
19 |
|
1st period
1. Sabres , Patrick Marleau 43 (Richard Lintner, Niclas Bergfors) at 5:21
2. Sabres , Steve Downie 23 (Tyler Sloan) at 11:14
Penalties :
Georges Laraque (Nas) for Fighting (Major) at 9:23, Derick Brassard (Buf) for Fighting (Major) at 9:23
2nd period
3. Sabres , Steve Downie 24 (Jiri Hudler, Ryan Hollweg) at 17:53
Penalties :
Ryan Hollweg (Buf) for Interference (Minor) at 3:05, Patrick Marleau (Buf) for Holding (Minor) at 6:16, Georges Laraque (Nas) for High sticking (Minor) at 12:54, Barret Jackman (Nas) for Hooking (Minor) at 19:29
3rd period
4. Sabres , Steve Downie 25 (Mike Fisher) at 10:10 (SH)
Penalties :
Cory Sarich (Buf) for High sticking (Minor) at 6:49, Patrick Marleau (Buf) for High sticking (Minor) at 9:35, Alexander Ovechkin (Nas) for Fighting (Major) at 16:34, Patrick Marleau (Buf) for Fighting (Major) at 16:34, Joe Thornton (Nas) for Slashing (Minor) at 18:20
Goalie Stats
Evgeni Nabokov (Buf), 19 saves from 19 shots - (1,000), W, 23-26-7, 60:00 minutes
Kari Lehtonen (Nas), 28 saves from 32 shots - (0,875), L, 28-21-4, 60:00 minutes
Players Stats for Sabres
Player Name G A P +/- PIM S H SB GA TA FO MP PP MP PK MP
------------------------------------------------------------------------------------
Antoine Roussel 0 0 0 0 0 2 1 1 0 0 1/6 12:11 0:00 0:00
Cory Sarich 0 0 0 1 2 2 2 0 0 0 0/0 18:09 2:42 0:00
Derick Brassard 0 0 0 1 5 2 2 0 0 0 11/29 15:19 3:14 0:00
Jiri Hudler 0 1 1 2 0 1 1 0 0 0 2/7 14:52 2:16 0:14
Kyle Calder 0 0 0 0 0 4 0 0 2 0 0/0 11:38 0:07 1:38
Mike Fisher 0 1 1 1 0 2 1 1 0 0 1/2 11:32 0:00 2:01
Nathan Paetsch 0 0 0 1 0 0 1 0 0 0 0/0 15:22 0:00 3:02
Nicklas Lidstrom 0 0 0 2 0 0 3 1 0 1 0/0 26:29 2:55 4:54
Niclas Bergfors 0 1 1 1 0 2 1 1 0 0 1/2 17:11 3:14 0:00
Ole-Kristian Tollefsen 0 0 0 2 0 1 2 3 0 0 0/0 26:29 2:55 4:54
Patrick Marleau 1 0 1 1 9 5 0 1 0 0 1/2 15:54 2:10 0:00
Richard Lintner 0 1 1 1 0 1 1 0 0 4 0/0 18:09 2:42 0:00
Ryan Hollweg 0 1 1 2 2 2 2 1 0 0 0/0 15:03 2:16 0:00
Steve Downie 3 0 3 3 0 4 2 0 0 1 0/0 16:45 2:23 2:01
Todd White 0 0 0 0 0 0 6 1 0 0 0/0 14:25 0:00 4:17
Tomas Kopecky 0 0 0 0 0 2 0 2 1 0 0/0 11:46 0:22 1:24
Tyler Sloan 0 1 1 1 0 0 0 1 0 2 0/0 15:22 0:00 3:02
Viktor Kozlov 0 0 0 0 0 2 0 1 0 0 5/11 15:22 0:49 4:17
Players Stats for Predators
Player Name G A P +/- PIM S H SB GA TA FO MP PP MP PK MP
------------------------------------------------------------------------------------
Alexander Edler 0 0 0 -2 0 3 0 0 0 0 0/0 28:02 4:18 3:30
Alexander Ovechkin 0 0 0 -3 5 3 1 0 0 0 0/0 20:37 4:15 2:30
Alexander Steen 0 0 0 -1 0 3 1 0 1 0 2/2 17:37 3:30 2:01
Andy Miele 0 0 0 0 0 1 1 0 0 1 2/3 10:47 0:00 0:09
Barret Jackman 0 0 0 -1 2 0 0 1 0 0 0/0 12:11 0:00 0:00
Danny Richmond 0 0 0 -1 0 1 1 2 3 1 0/0 19:49 3:38 2:07
Georges Laraque 0 0 0 -1 7 0 3 0 0 0 1/3 13:43 3:30 0:00
Jeremy Williams 0 0 0 0 0 0 1 0 0 0 0/0 9:13 0:11 0:00
Joe Thornton 0 0 0 -3 2 3 2 0 3 0 18/28 21:22 4:12 2:30
Joffrey Lupul 0 0 0 0 0 0 2 1 0 0 0/0 11:38 0:00 1:00
Josef Vasicek 0 0 0 -1 0 2 1 0 0 0 11/15 14:22 3:30 0:56
Kent Huskins 0 0 0 -1 0 1 0 0 0 1 0/0 12:09 0:00 0:00
Kris Vernarsky 0 0 0 0 0 0 2 0 0 0 3/6 14:04 0:14 0:41
Michael Grabner 0 0 0 -3 0 1 0 0 0 0 0/2 20:19 4:12 1:27
Oleg Saprykin 0 0 0 0 0 1 1 1 1 0 0/0 9:56 0:14 0:00
Robyn Regehr 0 0 0 -1 0 0 4 1 0 0 0/0 22:36 3:38 2:07
Ryan Mcdonagh 0 0 0 -2 0 0 2 0 0 0 0/0 25:15 4:18 3:30
Tim Conboy 0 0 0 0 0 0 0 0 0 0 0/0 10:38 0:00 0:00
3 Stars
1 - Steve Downie (Buf)
2 - Evgeni Nabokov (Buf)
3 - Jiri Hudler (Buf)
Power Play
Sabres - 0 on 3 Attempt(s) - 0,00%
Predators - 0 on 4 Attempt(s) - 0,00%
Penalty Kill
Sabres - 4 on 4 Attempt(s) - 100,00%
- Score 1 goal in Penalty Kill
Predators - 3 on 3 Attempt(s) - 100,00%
- Score 0 goal in Penalty Kill
Team Stat
Sabres - Hits : 25 - Faceoff Wins : 22 - Blocked Shots : 14 - Penalty Minutes : 18
Predators - Hits : 22 - Faceoff Wins : 37 - Blocked Shots : 6 - Penalty Minutes : 16
Official
Referees : L'Ecuyer Frederick and Fraser Kerry
Linesman : Mark Wheler and Brad Lazarowich
Game Notes
Georges Laraque and Derick Brassard fight to a draw at 9:23 of 1st period
Steve Downie has scored a Hat Trick!
Josef Vasicek is injured at 11:22 of 3rd period (Bruised Left Foot)
Alexander Ovechkin and Patrick Marleau fight to a draw at 16:34 of 3rd period
Finance
Level 1 -- Attendance: 5236 (87,27%) -- Ticket Income 455 532 $
Level 2 -- Attendance: 3573 (71,46%) -- Ticket Income 203 661 $
Level 3 -- Attendance: 1518 (75,90%) -- Ticket Income 48 576 $
Level 4 -- Attendance: 3121 (78,03%) -- Ticket Income 65 541 $
Luxury Box -- Attendance: 783 (78,30%) -- Ticket Income 146 421 $
Game was played at the Wildcat center'
Total Attendance: 14231 (79,06%)
Total Ticket Income: 919 731 $
Other Income: 137 960 $
Total Income: 1 057 691 $
Sabres
5 vs 5 Forward
Center Left Wing Right Wing Time % Phy DF OF
1 Derick Brassard Patrick Marleau Niclas Bergfors 35 1 2 2
2 Jiri Hudler Ryan Hollweg Steve Downie 28 2 2 1
3 Viktor Kozlov Antoine Roussel Tomas Kopecky 22 1 3 1
4 Mike Fisher Kyle Calder Todd White 15 1 4 0
5 vs 5 Defense
Defense Defense Time % Phy DF OF
1 Ole-Kristian Tollefsen Nicklas Lidstrom 35 1 3 1
2 Richard Lintner Cory Sarich 35 1 3 1
3 Tyler Sloan Nathan Paetsch 20 1 3 1
4 Ole-Kristian Tollefsen Nicklas Lidstrom 10 1 2 2
PowerPlay Forward
Center Left Wing Right Wing Time % Phy DF OF
1 Derick Brassard Patrick Marleau Niclas Bergfors 60 1 0 4
2 Jiri Hudler Ryan Hollweg Steve Downie 40 3 0 2
PowerPlay Defense
Defense Defense Time % Phy DF OF
1 Ole-Kristian Tollefsen Nicklas Lidstrom 60 1 2 2
2 Richard Lintner Cory Sarich 40 1 2 2
Penalty Kill 4 Players Forward
Center Wing Time % Phy DF OF
1 Viktor Kozlov Todd White 60 1 4 0
2 Mike Fisher Steve Downie 40 1 4 0
Penalty Kill 4 Players Defense
Defense Defense Time % Phy DF OF
1 Ole-Kristian Tollefsen Nicklas Lidstrom 60 1 4 0
2 Tyler Sloan Nathan Paetsch 40 1 4 0
Penalty Kill - 3 Players Forward
Forward Time % Phy DF OF
1 Viktor Kozlov 60 1 4 0
2 Todd White 40 1 4 0
Penalty Kill - 3 Players Defense
Defense Defense Time % Phy DF OF
1 Ole-Kristian Tollefsen Nicklas Lidstrom 60 1 4 0
2 Tyler Sloan Nathan Paetsch 40 1 4 0
4 vs 4 Forward
Center Wing Time % Phy DF OF
1 Derick Brassard Patrick Marleau 60 1 2 2
2 Viktor Kozlov Niclas Bergfors 40 1 3 1
4 vs 4 Defense
Defense Defense Time % Phy DF OF
1 Ole-Kristian Tollefsen Nicklas Lidstrom 60 1 3 1
2 Richard Lintner Cory Sarich 40 1 3 1
Last Minutes Offensive
Center Left Wing Right Wing Defense Defense
Derick Brassard Patrick Marleau Niclas Bergfors Ole-Kristian Tollefsen Nicklas Lidstrom
Last Minutes Defensive
Center Left Wing Right Wing Defense Defense
Viktor Kozlov Todd White Steve Downie Ole-Kristian Tollefsen Nicklas Lidstrom
Goaltenders
Starting : Evgeni Nabokov
Backup : Michal Neuvirth
Extra Forwards
Normal : Antoine Roussel, Mike Fisher, Viktor Kozlov - PP : Viktor Kozlov, Tomas Kopecky - PK : Tomas Kopecky
Extra Defensemen
Normal : Nicklas Lidstrom, Cory Sarich, Tyler Sloan - PP : Richard Lintner - PK : Nicklas Lidstrom, Richard Lintner
Penalty Shots
Nicklas Lidstrom, Niclas Bergfors, Jiri Hudler, Viktor Kozlov, Ryan Hollweg
Predators
5 vs 5 Forward
Center Left Wing Right Wing Time % Phy DF OF
1 Joe Thornton Alexander Ovechkin Michael Grabner 40 1 2 2
2 Josef Vasicek Alexander Steen Georges Laraque 30 1 2 2
3 Kris Vernarsky Oleg Saprykin Jeremy Williams 15 1 2 2
4 Andy Miele Joffrey Lupul Tim Conboy 15 1 2 2
5 vs 5 Defense
Defense Defense Time % Phy DF OF
1 Alexander Edler Ryan Mcdonagh 40 1 2 2
2 Danny Richmond Robyn Regehr 30 1 2 2
3 Kent Huskins Barret Jackman 20 1 2 2
4 Alexander Edler Robyn Regehr 10 1 2 2
PowerPlay Forward
Center Left Wing Right Wing Time % Phy DF OF
1 Joe Thornton Alexander Ovechkin Michael Grabner 60 1 2 2
2 Josef Vasicek Alexander Steen Georges Laraque 40 1 2 2
PowerPlay Defense
Defense Defense Time % Phy DF OF
1 Alexander Edler Ryan Mcdonagh 60 1 2 2
2 Danny Richmond Robyn Regehr 40 1 2 2
Penalty Kill 4 Players Forward
Center Wing Time % Phy DF OF
1 Joe Thornton Alexander Ovechkin 60 1 2 2
2 Josef Vasicek Alexander Steen 40 1 2 2
Penalty Kill 4 Players Defense
Defense Defense Time % Phy DF OF
1 Alexander Edler Ryan Mcdonagh 60 1 2 2
2 Robyn Regehr Danny Richmond 40 1 2 2
Penalty Kill - 3 Players Forward
Forward Time % Phy DF OF
1 Alexander Ovechkin 60 1 2 2
2 Georges Laraque 40 1 2 2
Penalty Kill - 3 Players Defense
Defense Defense Time % Phy DF OF
1 Alexander Edler Ryan Mcdonagh 60 1 2 2
2 Robyn Regehr Danny Richmond 40 1 2 2
4 vs 4 Forward
Center Wing Time % Phy DF OF
1 Joe Thornton Alexander Ovechkin 60 1 2 2
2 Georges Laraque Oleg Saprykin 40 1 2 2
4 vs 4 Defense
Defense Defense Time % Phy DF OF
1 Alexander Edler Ryan Mcdonagh 60 1 2 2
2 Robyn Regehr Danny Richmond 40 1 2 2
Last Minutes Offensive
Center Left Wing Right Wing Defense Defense
Joe Thornton Alexander Steen Michael Grabner Alexander Edler Danny Richmond
Last Minutes Defensive
Center Left Wing Right Wing Defense Defense
Joe Thornton Oleg Saprykin Georges Laraque Ryan Mcdonagh Danny Richmond
Goaltenders
Starting : Kari Lehtonen
Backup : Ray Emery
Extra Forwards
Normal : Kris Vernarsky, Oleg Saprykin, Michael Grabner - PP : Kris Vernarsky, Oleg Saprykin - PK : Michael Grabner
Extra Defensemen
Normal : Kent Huskins, Alexander Edler, Ryan Mcdonagh - PP : Kent Huskins - PK : Danny Richmond, Ryan Mcdonagh
Penalty Shots
Alexander Steen, Joe Thornton, Alexander Ovechkin, Michael Grabner, Joffrey Lupul
% Time on Ice - Sabres
Lines # - Real PCT - Wanted PCT - Time Play
Normal Forward
1 - 32% - 35% - 14:56
2 - 27% - 28% - 12:21
3 - 21% - 22% - 9:39
4 - 20% - 15% - 9:31
Normal Defense
1 - 35% - 35% - 16:11
2 - 35% - 35% - 16:09
3 - 25% - 20% - 11:38
4 - 5% - 10% - 2:29
PP Forward
1 - 60% - 60% - 3:21
2 - 40% - 40% - 2:16
PP Defense
1 - 52% - 60% - 2:55
2 - 48% - 40% - 2:42
PK Forward
1 - 75% - 60% - 5:55
2 - 25% - 40% - 2:01
PK Defense
1 - 62% - 60% - 4:54
2 - 38% - 40% - 3:02
PK3 Forward
1 - 0% - 60%
2 - 0% - 40%
PK3 Defense
1 - 0% - 60%
2 - 0% - 40%
44 Forward
1 - 0% - 60%
2 - 0% - 40%
44 Defense
1 - 0% - 60%
2 - 0% - 40%
Last Minute Offensive - 0:00
Last Minute Defensive - 0:00
Total
Forward - 60:00
Defense - 60:00
|
% Time on Ice - Predators
Lines # - Real PCT - Wanted PCT - Time Play
Normal Forward
1 - 33% - 40% - 15:11
2 - 26% - 30% - 12:06
3 - 18% - 15% - 8:32
4 - 23% - 15% - 10:38
Normal Defense
1 - 38% - 40% - 17:27
2 - 30% - 30% - 14:04
3 - 26% - 20% - 12:09
4 - 6% - 10% - 2:47
PP Forward
1 - 56% - 60% - 4:26
2 - 44% - 40% - 3:30
PP Defense
1 - 54% - 60% - 4:18
2 - 46% - 40% - 3:38
PK Forward
1 - 90% - 60% - 5:04
2 - 10% - 40% - 0:33
PK Defense
1 - 62% - 60% - 3:30
2 - 38% - 40% - 2:07
PK3 Forward
1 - 0% - 60%
2 - 0% - 40%
PK3 Defense
1 - 0% - 60%
2 - 0% - 40%
44 Forward
1 - 0% - 60%
2 - 0% - 40%
44 Defense
1 - 0% - 60%
2 - 0% - 40%
Last Minute Offensive - 0:00
Last Minute Defensive - 0:00
Total
Forward - 60:00
Defense - 60:00
|
Play by Play
1st period
0:01 of 1st period - Derick Brassard wins face-off versus Joe Thornton in neutral zone.
0:10 of 1st period - Nicklas Lidstrom is hit by Alexander Ovechkin and loses puck.
0:31 of 1st period - Off-side.
0:32 of 1st period - Kris Vernarsky wins face-off versus Jiri Hudler in neutral zone.
1:06 of 1st period - Snap shot by Joffrey Lupul.
1:06 of 1st period - Shot Misses the Net.
1:24 of 1st period - Snap shot by Alexander Steen.
1:24 of 1st period - Shot Hit the Post.
1:46 of 1st period - Snap shot by Joe Thornton.
1:46 of 1st period - Deflect By Alexander Ovechkin.
1:46 of 1st period - Stopped by Evgeni Nabokov with a rebound.
1:55 of 1st period - Icing by Steve Downie.
1:56 of 1st period - Jiri Hudler wins face-off versus Kris Vernarsky in Sabres zone.
2:11 of 1st period - Snap shot by Ryan Hollweg.
2:11 of 1st period - Stopped by Kari Lehtonen with a rebound.
2:41 of 1st period - Alexander Edler is hit by Mike Fisher and loses puck.
3:30 of 1st period - Wrist shot by Alexander Ovechkin.
3:30 of 1st period - Shot Misses the Net.
4:09 of 1st period - Nathan Paetsch is hit by Joe Thornton and loses puck.
4:18 of 1st period - Wrist shot by Kyle Calder.
4:18 of 1st period - Stopped by Kari Lehtonen with a rebound.
4:35 of 1st period - Wrist shot by Joe Thornton.
4:35 of 1st period - Shot Blocked by Nicklas Lidstrom.
4:37 of 1st period - Slapshot by Kent Huskins.
4:37 of 1st period - Shot Misses the Net.
4:39 of 1st period - Snap shot by Alexander Ovechkin.
4:39 of 1st period - Shot Blocked by Ole-Kristian Tollefsen.
5:09 of 1st period - Snap shot by Kyle Calder.
5:09 of 1st period - Stopped by Kari Lehtonen without a rebound.
5:10 of 1st period - Derick Brassard wins face-off versus Josef Vasicek in Predators zone.
5:13 of 1st period - Snap shot by Patrick Marleau.
5:13 of 1st period - Stopped by Kari Lehtonen without a rebound.
5:14 of 1st period - Derick Brassard wins face-off versus Josef Vasicek in Predators zone.
5:15 of 1st period - Snap shot by Patrick Marleau.
5:15 of 1st period - Stopped by Kari Lehtonen without a rebound.
5:16 of 1st period - Derick Brassard wins face-off versus Georges Laraque in Predators zone.
5:19 of 1st period - Snap shot by Niclas Bergfors.
5:19 of 1st period - Stopped by Kari Lehtonen with a rebound.
5:21 of 1st period - Slapshot by Richard Lintner.
5:21 of 1st period - Deflect By Patrick Marleau.
5:21 of 1st period - Goal by Patrick Marleau - Sabres : 1 - Predators : 0.
5:22 of 1st period - Josef Vasicek wins face-off versus Derick Brassard in neutral zone.
6:32 of 1st period - Wrist shot by Tim Conboy.
6:32 of 1st period - Shot Misses the Net.
6:42 of 1st period - Wrist shot by Joffrey Lupul.
6:42 of 1st period - Deflect By Andy Miele.
6:42 of 1st period - Shot Blocked by Niclas Bergfors.
6:42 of 1st period - Puck is out of play.
6:43 of 1st period - Alexander Steen wins face-off versus Jiri Hudler in Sabres zone.
6:56 of 1st period - Snap shot by Josef Vasicek.
6:56 of 1st period - Stopped by Evgeni Nabokov with a rebound.
7:08 of 1st period - Nathan Paetsch is hit by Oleg Saprykin and loses puck.
7:26 of 1st period - Icing by Alexander Edler.
7:27 of 1st period - Josef Vasicek wins face-off versus Derick Brassard in Predators zone.
7:34 of 1st period - Slapshot by Alexander Edler.
7:34 of 1st period - Stopped by Evgeni Nabokov without a rebound.
7:35 of 1st period - Josef Vasicek wins face-off versus Derick Brassard in Sabres zone.
7:36 of 1st period - Snap shot by Alexander Steen.
7:36 of 1st period - Shot Misses the Net.
8:08 of 1st period - Snap shot by Ryan Hollweg.
8:08 of 1st period - Stopped by Kari Lehtonen without a rebound.
8:09 of 1st period - Josef Vasicek wins face-off versus Jiri Hudler in Predators zone.
8:09 of 1st period - Josef Vasicek is hit by Cory Sarich.
9:02 of 1st period - Slapshot by Alexander Edler.
9:02 of 1st period - Stopped by Evgeni Nabokov without a rebound.
9:03 of 1st period - Andy Miele wins face-off versus Viktor Kozlov in Sabres zone.
9:10 of 1st period - Slapshot by Viktor Kozlov.
9:10 of 1st period - Shot Blocked by Danny Richmond.
9:12 of 1st period - Snap shot by Nicklas Lidstrom.
9:12 of 1st period - Shot Blocked by Danny Richmond.
9:14 of 1st period - Slapshot by Ole-Kristian Tollefsen.
9:14 of 1st period - Deflect By Danny Richmond.
9:14 of 1st period - Stopped by Kari Lehtonen without a rebound.
9:15 of 1st period - Patrick Marleau wins face-off versus Georges Laraque in Predators zone.
9:16 of 1st period - Snap shot by Derick Brassard.
9:16 of 1st period - Stopped by Kari Lehtonen without a rebound.
9:17 of 1st period - Josef Vasicek wins face-off versus Derick Brassard in Predators zone.
9:23 of 1st period - Georges Laraque and Derick Brassard fight to a draw.
9:23 of 1st period - Penalty to Georges Laraque for Fighting.
9:23 of 1st period - Penalty to Derick Brassard for Fighting.
9:24 of 1st period - Josef Vasicek wins face-off versus Patrick Marleau in Predators zone.
10:01 of 1st period - Snap shot by Alexander Ovechkin.
10:01 of 1st period - Shot Misses the Net.
10:13 of 1st period - Robyn Regehr is hit by Cory Sarich and loses puck.
10:22 of 1st period - Richard Lintner is hit by Joffrey Lupul and loses puck.
10:37 of 1st period - Snap shot by Viktor Kozlov.
10:37 of 1st period - Stopped by Kari Lehtonen with a rebound.
10:39 of 1st period - Slapshot by Richard Lintner.
10:39 of 1st period - Shot Blocked by Oleg Saprykin.
10:41 of 1st period - Wrist shot by Antoine Roussel.
10:41 of 1st period - Stopped by Kari Lehtonen with a rebound.
10:43 of 1st period - Slapshot by Antoine Roussel.
10:43 of 1st period - Stopped by Kari Lehtonen without a rebound.
10:44 of 1st period - Antoine Roussel wins face-off versus Josef Vasicek in Predators zone.
11:14 of 1st period - Wrist shot by Steve Downie.
11:14 of 1st period - Goal by Steve Downie - Sabres : 2 - Predators : 0.
11:15 of 1st period - Joe Thornton wins face-off versus Antoine Roussel in neutral zone.
11:40 of 1st period - Alexander Ovechkin is hit by Todd White and loses puck.
12:25 of 1st period - Wrist shot by Josef Vasicek.
12:25 of 1st period - Deflect By Alexander Steen.
12:25 of 1st period - Shot Blocked by Antoine Roussel.
12:25 of 1st period - Puck is out of play.
12:26 of 1st period - Josef Vasicek wins face-off versus Antoine Roussel in Sabres zone.
12:27 of 1st period - Wrist shot by Alexander Steen.
12:27 of 1st period - Stopped by Evgeni Nabokov without a rebound.
12:28 of 1st period - Josef Vasicek wins face-off versus Antoine Roussel in Sabres zone.
12:33 of 1st period - Wrist shot by Alexander Steen.
12:33 of 1st period - Stopped by Evgeni Nabokov without a rebound.
12:34 of 1st period - Josef Vasicek wins face-off versus Antoine Roussel in Sabres zone.
12:45 of 1st period - Backhand shot by Alexander Steen.
12:45 of 1st period - Stopped by Evgeni Nabokov without a rebound.
12:46 of 1st period - Viktor Kozlov wins face-off versus Josef Vasicek in Sabres zone.
12:46 of 1st period - Viktor Kozlov is hit by Ryan Mcdonagh.
13:40 of 1st period - Snap shot by Joffrey Lupul.
13:40 of 1st period - Deflect By Andy Miele.
13:40 of 1st period - Shot Hit the Post.
13:40 of 1st period - Puck is out of play.
13:41 of 1st period - Josef Vasicek wins face-off versus Mike Fisher in Sabres zone.
13:48 of 1st period - Backhand shot by Josef Vasicek.
13:48 of 1st period - Shot Misses the Net.
13:50 of 1st period - Snap shot by Josef Vasicek.
13:50 of 1st period - Shot Misses the Net.
14:06 of 1st period - Joe Thornton is hit by Ole-Kristian Tollefsen and loses puck.
14:31 of 1st period - Robyn Regehr is hit by Ryan Hollweg and loses puck.
15:05 of 1st period - Slapshot by Viktor Kozlov.
15:05 of 1st period - Stopped by Kari Lehtonen without a rebound.
15:06 of 1st period - Viktor Kozlov wins face-off versus Kris Vernarsky in Predators zone.
17:25 of 1st period - Nathan Paetsch is hit by Georges Laraque and loses puck.
17:40 of 1st period - Alexander Edler is hit by Todd White.
17:49 of 1st period - Alexander Edler is hit by Nicklas Lidstrom and loses puck.
18:00 of 1st period - Kris Vernarsky is hit by Steve Downie and loses puck.
18:21 of 1st period - Slapshot by Joe Thornton.
18:21 of 1st period - Shot Misses the Net.
18:23 of 1st period - Slapshot by Joe Thornton.
18:23 of 1st period - Stopped by Evgeni Nabokov with a rebound.
19:18 of 1st period - Andy Miele is hit by Jiri Hudler and loses puck.
19:37 of 1st period - Cory Sarich is hit by Danny Richmond and loses puck.
Goals for this period are 2 for Sabres vs 0 for Predators.
Shots for this period are 15 for Sabres vs 8 for Predators.
2nd period
0:01 of 2nd period - Niclas Bergfors wins face-off versus Joe Thornton in neutral zone.
0:35 of 2nd period - Wrist shot by Alexander Steen.
0:35 of 2nd period - Shot Misses the Net.
0:41 of 2nd period - Steve Downie is hit by Alexander Steen.
1:23 of 2nd period - Wrist shot by Tim Conboy.
1:23 of 2nd period - Shot Misses the Net.
2:07 of 2nd period - Wrist shot by Kris Vernarsky.
2:07 of 2nd period - Shot Misses the Net.
2:23 of 2nd period - Snap shot by Viktor Kozlov.
2:23 of 2nd period - Shot Misses the Net.
2:25 of 2nd period - Wrist shot by Tomas Kopecky.
2:25 of 2nd period - Stopped by Kari Lehtonen with a rebound.
2:27 of 2nd period - Wrist shot by Tomas Kopecky.
2:27 of 2nd period - Stopped by Kari Lehtonen without a rebound.
2:28 of 2nd period - Derick Brassard wins face-off versus Joe Thornton in Predators zone.
2:37 of 2nd period - Slapshot by Joe Thornton.
2:37 of 2nd period - Stopped by Evgeni Nabokov with a rebound.
2:39 of 2nd period - Wrist shot by Alexander Ovechkin.
2:39 of 2nd period - Shot Blocked by Patrick Marleau.
2:41 of 2nd period - Snap shot by Alexander Ovechkin.
2:41 of 2nd period - Deflect By Joe Thornton.
2:41 of 2nd period - Stopped by Evgeni Nabokov without a rebound.
2:42 of 2nd period - Derick Brassard wins face-off versus Joe Thornton in Sabres zone.
3:05 of 2nd period - Minor Penalty to Ryan Hollweg for Interference.
3:06 of 2nd period - Joe Thornton wins face-off versus Viktor Kozlov in Sabres zone.
5:05 of 2nd period - Penalty to Ryan Hollweg is over, Ryan Hollweg is back on ice.
5:10 of 2nd period - Ryan Hollweg is hit by Jeremy Williams and loses puck.
5:31 of 2nd period - Snap shot by Andy Miele.
5:31 of 2nd period - Stopped by Evgeni Nabokov without a rebound.
5:32 of 2nd period - Kris Vernarsky wins face-off versus Derick Brassard in Sabres zone.
5:33 of 2nd period - Snap shot by Oleg Saprykin.
5:33 of 2nd period - Stopped by Evgeni Nabokov without a rebound.
5:34 of 2nd period - Kris Vernarsky wins face-off versus Derick Brassard in Sabres zone.
5:45 of 2nd period - Snap shot by Derick Brassard.
5:45 of 2nd period - Shot Misses the Net.
5:47 of 2nd period - Slapshot by Cory Sarich.
5:47 of 2nd period - Stopped by Kari Lehtonen with a rebound.
5:49 of 2nd period - Slapshot by Cory Sarich.
5:49 of 2nd period - Stopped by Kari Lehtonen without a rebound.
5:50 of 2nd period - Joe Thornton wins face-off versus Jiri Hudler in Predators zone.
6:16 of 2nd period - Minor Penalty to Patrick Marleau for Holding.
6:17 of 2nd period - Viktor Kozlov wins face-off versus Michael Grabner in Sabres zone.
8:16 of 2nd period - Penalty to Patrick Marleau is over, Patrick Marleau is back on ice.
8:20 of 2nd period - Wrist shot by Kyle Calder.
8:20 of 2nd period - Shot Misses the Net.
8:22 of 2nd period - Wrist shot by Tomas Kopecky.
8:22 of 2nd period - Shot Misses the Net.
8:24 of 2nd period - Wrist shot by Patrick Marleau.
8:24 of 2nd period - Shot Blocked by Robyn Regehr.
8:26 of 2nd period - Wrist shot by Patrick Marleau.
8:26 of 2nd period - Shot Misses the Net.
8:48 of 2nd period - Wrist shot by Tim Conboy.
8:48 of 2nd period - Shot Blocked by Ryan Hollweg.
9:34 of 2nd period - Slapshot by Alexander Steen.
9:34 of 2nd period - Shot Blocked by Ole-Kristian Tollefsen.
9:45 of 2nd period - Ryan Hollweg is hit by Josef Vasicek and loses puck.
10:41 of 2nd period - Barret Jackman is hit by Todd White.
10:45 of 2nd period - Wrist shot by Tim Conboy.
10:45 of 2nd period - Deflect By Joffrey Lupul.
10:45 of 2nd period - Shot Blocked by Todd White.
10:45 of 2nd period - Puck is out of play.
10:46 of 2nd period - Joe Thornton wins face-off versus Derick Brassard in Sabres zone.
10:47 of 2nd period - Slapshot by Alexander Ovechkin.
10:47 of 2nd period - Shot Misses the Net.
10:49 of 2nd period - Slapshot by Danny Richmond.
10:49 of 2nd period - Deflect By Alexander Ovechkin.
10:49 of 2nd period - Shot Misses the Net.
10:49 of 2nd period - Puck is out of play.
10:50 of 2nd period - Derick Brassard wins face-off versus Joe Thornton in Sabres zone.
11:45 of 2nd period - Snap shot by Alexander Edler.
11:45 of 2nd period - Shot Misses the Net.
11:47 of 2nd period - Snap shot by Oleg Saprykin.
11:47 of 2nd period - Shot Blocked by Tomas Kopecky.
12:18 of 2nd period - Snap shot by Alexander Edler.
12:18 of 2nd period - Stopped by Evgeni Nabokov without a rebound.
12:19 of 2nd period - Mike Fisher wins face-off versus Joe Thornton in Sabres zone.
12:32 of 2nd period - Slapshot by Danny Richmond.
12:32 of 2nd period - Deflect By Michael Grabner.
12:32 of 2nd period - Shot Blocked by Mike Fisher.
12:32 of 2nd period - Puck is out of play.
12:33 of 2nd period - Georges Laraque wins face-off versus Derick Brassard in Sabres zone.
12:48 of 2nd period - Snap shot by Derick Brassard.
12:48 of 2nd period - Stopped by Kari Lehtonen with a rebound.
12:54 of 2nd period - Minor Penalty to Georges Laraque for High sticking.
12:55 of 2nd period - Joe Thornton wins face-off versus Derick Brassard in Predators zone.
14:54 of 2nd period - Penalty to Georges Laraque is over, Georges Laraque is back on ice.
15:44 of 2nd period - Slapshot by Kent Huskins.
15:44 of 2nd period - Shot Blocked by Viktor Kozlov.
15:46 of 2nd period - Wrist shot by Kent Huskins.
15:46 of 2nd period - Stopped by Evgeni Nabokov without a rebound.
15:47 of 2nd period - Alexander Steen wins face-off versus Antoine Roussel in Sabres zone.
15:50 of 2nd period - Slapshot by Josef Vasicek.
15:50 of 2nd period - Stopped by Evgeni Nabokov without a rebound.
15:51 of 2nd period - Josef Vasicek wins face-off versus Niclas Bergfors in Sabres zone.
15:52 of 2nd period - Slapshot by Alexander Edler.
15:52 of 2nd period - Shot Misses the Net.
16:16 of 2nd period - Alexander Edler is hit by Steve Downie and loses puck.
16:25 of 2nd period - Wrist shot by Alexander Ovechkin.
16:25 of 2nd period - Stopped by Evgeni Nabokov with a rebound.
16:42 of 2nd period - Antoine Roussel is hit by Kris Vernarsky and loses puck.
17:03 of 2nd period - Tyler Sloan is hit by Robyn Regehr and loses puck.
17:12 of 2nd period - Joffrey Lupul is hit by Todd White and loses puck.
17:51 of 2nd period - Snap shot by Jiri Hudler.
17:51 of 2nd period - Shot Blocked by Barret Jackman.
17:53 of 2nd period - Slapshot by Steve Downie.
17:53 of 2nd period - Goal by Steve Downie - Sabres : 3 - Predators : 0.
17:54 of 2nd period - Derick Brassard wins face-off versus Joe Thornton in neutral zone.
18:21 of 2nd period - Ryan Hollweg is hit by Georges Laraque and loses puck.
19:29 of 2nd period - Minor Penalty to Barret Jackman for Hooking.
19:30 of 2nd period - Joe Thornton wins face-off versus Derick Brassard in Predators zone.
Goals for this period are 1 for Sabres vs 0 for Predators.
Shots for this period are 6 for Sabres vs 8 for Predators.
3rd period
0:01 of 3rd period - Derick Brassard wins face-off versus Joe Thornton in neutral zone.
0:04 of 3rd period - Slapshot by Nicklas Lidstrom.
0:04 of 3rd period - Deflect By Derick Brassard.
0:04 of 3rd period - Shot Misses the Net.
0:04 of 3rd period - Puck is out of play.
0:05 of 3rd period - Derick Brassard wins face-off versus Joe Thornton in Predators zone.
0:10 of 3rd period - Snap shot by Patrick Marleau.
0:10 of 3rd period - Stopped by Kari Lehtonen without a rebound.
0:11 of 3rd period - Joe Thornton wins face-off versus Derick Brassard in Predators zone.
0:46 of 3rd period - Alexander Steen is hit by Ryan Hollweg and loses puck.
1:29 of 3rd period - Penalty to Barret Jackman is over, Barret Jackman is back on ice.
1:35 of 3rd period - Nicklas Lidstrom is hit by Kris Vernarsky and loses puck.
2:32 of 3rd period - Slapshot by Danny Richmond.
2:32 of 3rd period - Stopped by Evgeni Nabokov with a rebound.
2:50 of 3rd period - Slapshot by Tyler Sloan.
2:50 of 3rd period - Shot Misses the Net.
3:53 of 3rd period - Barret Jackman is hit by Derick Brassard and loses puck.
4:09 of 3rd period - Snap shot by Steve Downie.
4:09 of 3rd period - Shot Misses the Net.
4:53 of 3rd period - Joffrey Lupul is hit by Antoine Roussel and loses puck.
5:00 of 3rd period - Wrist shot by Viktor Kozlov.
5:00 of 3rd period - Shot Blocked by Joffrey Lupul.
5:40 of 3rd period - Alexander Ovechkin is hit by Richard Lintner.
6:02 of 3rd period - Georges Laraque is hit by Nicklas Lidstrom and loses puck.
6:49 of 3rd period - Minor Penalty to Cory Sarich for High sticking.
6:50 of 3rd period - Joe Thornton wins face-off versus Viktor Kozlov in Sabres zone.
7:38 of 3rd period - Alexander Ovechkin is hit by Todd White.
7:48 of 3rd period - Robyn Regehr is hit by Nicklas Lidstrom.
8:40 of 3rd period - Michael Grabner is hit by Nathan Paetsch.
8:44 of 3rd period - Kyle Calder is hit by Joe Thornton and loses puck.
8:49 of 3rd period - Penalty to Cory Sarich is over, Cory Sarich is back on ice.
8:59 of 3rd period - Oleg Saprykin is hit by Niclas Bergfors and loses puck.
9:18 of 3rd period - Snap shot by Steve Downie.
9:18 of 3rd period - Shot Misses the Net.
9:20 of 3rd period - Wrist shot by Ryan Hollweg.
9:20 of 3rd period - Shot Misses the Net.
9:22 of 3rd period - Slapshot by Richard Lintner.
9:22 of 3rd period - Stopped by Kari Lehtonen without a rebound.
9:23 of 3rd period - Andy Miele wins face-off versus Derick Brassard in Predators zone.
9:23 of 3rd period - Andy Miele is hit by Derick Brassard.
9:32 of 3rd period - Off-side.
9:33 of 3rd period - Derick Brassard wins face-off versus Andy Miele in neutral zone.
9:35 of 3rd period - Minor Penalty to Patrick Marleau for High sticking.
9:36 of 3rd period - Viktor Kozlov wins face-off versus Joe Thornton in Sabres zone.
10:10 of 3rd period - Snap shot by Steve Downie.
10:10 of 3rd period - Goal by Steve Downie - Sabres : 4 - Predators : 0.
10:11 of 3rd period - Joe Thornton wins face-off versus Viktor Kozlov in neutral zone.
10:22 of 3rd period - Snap shot by Alexander Ovechkin.
10:22 of 3rd period - Shot Misses the Net.
11:00 of 3rd period - Steve Downie is hit by Robyn Regehr and loses puck.
11:21 of 3rd period - Josef Vasicek is hit by Todd White.
11:22 of 3rd period - Josef Vasicek from Predators is injured at 11:22 of 3rd period (Bruised Left Foot).
11:23 of 3rd period - Joe Thornton wins face-off versus Viktor Kozlov in Predators zone.
11:28 of 3rd period - Wrist shot by Joe Thornton.
11:28 of 3rd period - Shot Misses the Net.
11:30 of 3rd period - Wrist shot by Alexander Ovechkin.
11:30 of 3rd period - Stopped by Evgeni Nabokov with a rebound.
11:32 of 3rd period - Wrist shot by Michael Grabner.
11:32 of 3rd period - Stopped by Evgeni Nabokov with a rebound.
11:35 of 3rd period - Penalty to Patrick Marleau is over, Patrick Marleau is back on ice.
12:16 of 3rd period - Wrist shot by Niclas Bergfors.
12:16 of 3rd period - Stopped by Kari Lehtonen without a rebound.
12:17 of 3rd period - Joe Thornton wins face-off versus Viktor Kozlov in Predators zone.
13:31 of 3rd period - Snap shot by Kris Vernarsky.
13:31 of 3rd period - Shot Blocked by Tyler Sloan.
13:33 of 3rd period - Snap shot by Jeremy Williams.
13:33 of 3rd period - Shot Misses the Net.
13:35 of 3rd period - Snap shot by Jeremy Williams.
13:35 of 3rd period - Shot Blocked by Tomas Kopecky.
14:25 of 3rd period - Todd White is hit by Joffrey Lupul and loses puck.
14:44 of 3rd period - Jiri Hudler is hit by Georges Laraque and loses puck.
14:49 of 3rd period - Slapshot by Kris Vernarsky.
14:49 of 3rd period - Shot Blocked by Ole-Kristian Tollefsen.
14:52 of 3rd period - Icing by Ole-Kristian Tollefsen.
14:53 of 3rd period - Joe Thornton wins face-off versus Jiri Hudler in Sabres zone.
15:00 of 3rd period - Snap shot by Alexander Ovechkin.
15:00 of 3rd period - Deflect By Joe Thornton.
15:00 of 3rd period - Shot Misses the Net.
15:00 of 3rd period - Puck is out of play.
15:01 of 3rd period - Joe Thornton wins face-off versus Derick Brassard in Sabres zone.
15:26 of 3rd period - Jiri Hudler is hit by Ryan Mcdonagh and loses puck.
15:39 of 3rd period - Wrist shot by Alexander Steen.
15:39 of 3rd period - Shot Misses the Net.
15:52 of 3rd period - Nicklas Lidstrom is hit by Robyn Regehr and loses puck.
15:57 of 3rd period - Wrist shot by Kyle Calder.
15:57 of 3rd period - Stopped by Kari Lehtonen without a rebound.
15:58 of 3rd period - Joe Thornton wins face-off versus Derick Brassard in Predators zone.
16:13 of 3rd period - Snap shot by Patrick Marleau.
16:13 of 3rd period - Stopped by Kari Lehtonen without a rebound.
16:14 of 3rd period - Jiri Hudler wins face-off versus Kris Vernarsky in Predators zone.
16:25 of 3rd period - Snap shot by Jiri Hudler.
16:25 of 3rd period - Deflect By Steve Downie.
16:25 of 3rd period - Stopped by Kari Lehtonen with a rebound.
16:29 of 3rd period - Wrist shot by Jiri Hudler.
16:29 of 3rd period - Stopped by Kari Lehtonen without a rebound.
16:30 of 3rd period - Joe Thornton wins face-off versus Derick Brassard in Predators zone.
16:34 of 3rd period - Alexander Ovechkin and Patrick Marleau fight to a draw.
16:34 of 3rd period - Penalty to Alexander Ovechkin for Fighting.
16:34 of 3rd period - Penalty to Patrick Marleau for Fighting.
16:35 of 3rd period - Joe Thornton wins face-off versus Derick Brassard in Predators zone.
16:37 of 3rd period - Icing by Ryan Mcdonagh.
16:38 of 3rd period - Joe Thornton wins face-off versus Derick Brassard in Predators zone.
17:04 of 3rd period - Alexander Edler is hit by Ole-Kristian Tollefsen and loses puck.
17:39 of 3rd period - Richard Lintner is hit by Andy Miele and loses puck.
17:50 of 3rd period - Backhand shot by Mike Fisher.
17:50 of 3rd period - Stopped by Kari Lehtonen with a rebound.
17:52 of 3rd period - Slapshot by Cory Sarich.
17:52 of 3rd period - Shot Misses the Net.
17:54 of 3rd period - Slapshot by Richard Lintner.
17:54 of 3rd period - Shot Misses the Net.
17:56 of 3rd period - Wrist shot by Mike Fisher.
17:56 of 3rd period - Stopped by Kari Lehtonen with a rebound.
17:58 of 3rd period - Wrist shot by Kyle Calder.
17:58 of 3rd period - Stopped by Kari Lehtonen without a rebound.
17:59 of 3rd period - Joe Thornton wins face-off versus Derick Brassard in Predators zone.
18:20 of 3rd period - Minor Penalty to Joe Thornton for Slashing.
18:21 of 3rd period - Viktor Kozlov wins face-off versus Michael Grabner in Predators zone.
18:46 of 3rd period - Nicklas Lidstrom is hit by Robyn Regehr and loses puck.
Goals for this period are 1 for Sabres vs 0 for Predators.
Shots for this period are 11 for Sabres vs 3 for Predators.
Output by the SimonT Hockey Simulator (STHS) for François Prévost -- Original Page W3C XHTML 1.0 Valid